[Event "Fall IM Norm Invitational 2020"]
[Site "Charlotte"]
[Date "2020.10.01"]
[Round "1.1"]
[White "Stearman, Josiah"]
[Black "Legky, Nikolay A"]
[Result "1-0"]
[ECO "A45"]
[WhiteElo "2354"]
[BlackElo "2402"]
[Annotator "ChessBase"]
[PlyCount "97"]
[EventDate "2020.09.30"]
[EventType "tourn"]
[EventCountry "USA"]
[SourceTitle "playchess.com"]
[Source "ChessBase"]
[SourceQuality "1"]
[TimeControl "5400+30"]

1. d4 Nf6 2. Bf4 c5 3. e3 Qb6 4. Nc3 Qxb2 5. Nb5 Na6 6. a3 Nd5 7. Rb1 Qa2 8. Rb3 cxd4 9. Be5 d6 10. Bxd4 e5 11. Bc4 Bf5 12. Bb2 Rc8 13. Bxd5 Bxc2 14. Rc3 Rxc3 15. Bxa2 Bxd1 16. Nxc3 Bg4 17. f3 Be6 18. Bd5 Nc5 19. Kd2 Kd7 20. Nge2 Be7 21. Nc1 Rc8 22. Rd1 b5 23. Bxe6+ fxe6 24. Nd3 Nxd3 25. Kxd3 d5 26. Nxb5 Rb8 27. a4 Bf6 28. Kc2 a6 29. Nc3 Rb4 30. Ba3 Rc4 31. Kb3 Kc6 32. e4 Rd4 33. Rc1 Kd7 34. Rd1 Kc6 35. exd5+ exd5 36. Rxd4 exd4 37. Nd1 d3 38. Bb2 d4 39. Kc4 Kb6 40. Bxd4+ Bxd4 41. Kxd4 Ka5 42. Kxd3 Kxa4 43. Kc4 Ka3 44. f4 h5 45. f5 Ka2 46. Ne3 Kb2 47. Nd5 Kc2 48. Nf4 h4 49. Nh5 1-0

[Event "Fall IM Norm Invitational 2020"]
[Site "Charlotte"]
[Date "2020.10.01"]
[Round "1.2"]
[White "Martin Del Campo C., Roberto"]
[Black "Matros, Alexander"]
[Result "1-0"]
[ECO "C73"]
[WhiteElo "2311"]
[BlackElo "2417"]
[Annotator "ChessBase"]
[PlyCount "75"]
[EventDate "2020.09.30"]
[EventType "tourn"]
[EventCountry "USA"]
[SourceTitle "playchess.com"]
[Source "ChessBase"]
[SourceQuality "1"]
[TimeControl "5400+30"]

1. e4 e5 2. Nf3 Nc6 3. Bb5 a6 4. Ba4 d6 5. Bxc6+ bxc6 6. d4 f6 7. Nc3 g6 8. Qe2 Bg7 9. Be3 Nh6 10. O-O-O Nf7 11. Qc4 Bd7 12. h4 h5 13. dxe5 fxe5 14. Ng5 Qe7 15. Kb1 Nxg5 16. hxg5 Qe6 17. Qe2 a5 18. f3 Bc8 19. Rh4 Ba6 20. Qd2 Rb8 21. Na4 O-O 22. Qxa5 Qc8 23. Qc3 Be2 24. Re1 Qa6 25. b3 Bc4 26. Nb2 Be6 27. Nd3 c5 28. Bc1 Ra8 29. a3 Rfb8 30. Bb2 Ra7 31. g4 hxg4 32. fxg4 c6 33. Reh1 Rf7 34. Nxc5 Qc8 35. Qh3 Rf8 36. Rh7 dxc5 37. Rxg7+ Kxg7 38. Qh7# 1-0

[Event "Fall IM Norm Invitational 2020"]
[Site "Charlotte"]
[Date "2020.10.01"]
[Round "1.3"]
[White "Krykun, Yuriy"]
[Black "Velikanov, Alexander"]
[Result "1/2-1/2"]
[ECO "A34"]
[WhiteElo "2371"]
[BlackElo "2274"]
[Annotator "ChessBase"]
[PlyCount "94"]
[EventDate "2020.09.30"]
[EventType "tourn"]
[EventCountry "USA"]
[SourceTitle "playchess.com"]
[Source "ChessBase"]
[SourceQuality "1"]
[TimeControl "5400+30"]

1. e4 c5 2. Nf3 e6 3. c4 Nc6 4. Nc3 Nf6 5. Be2 d5 6. exd5 exd5 7. d4 Be7 8. O-O O-O 9. Be3 dxc4 10. d5 Nb4 11. Bxc4 b5 12. Bxb5 Nfxd5 13. Bd2 Rb8 14. Bc4 Bf5 15. Nxd5 Nxd5 16. Ne5 Qd6 17. Bxd5 Qxd5 18. Bc3 Qxd1 19. Rfxd1 Bf6 20. Nd7 Bxd7 21. Rxd7 Bxc3 22. bxc3 Rb2 23. Rxa7 Rd8 24. h4 g6 25. h5 gxh5 26. Rc7 Rdd2 27. Rf1 Rxa2 28. Rxc5 Rac2 29. Rg5+ Kf8 30. Rxh5 Kg7 31. Rg5+ Kf6 32. Rg3 Rd5 33. Rb1 Rf5 34. Rb6+ Ke7 35. f3 h5 36. Rc6 h4 37. Rh3 Rg5 38. Rh2 Rg3 39. Rh6 Rc1+ 40. Kf2 Rc2+ 41. Kg1 Rc1+ 42. Kf2 Rc2+ 43. Kf1 Rxf3+ 44. gxf3 Rxh2 45. c4 h3 46. Kg1 Rc2 47. Rxh3 Rxc4 1/2-1/2

[Event "Fall IM Norm Invitational 2020"]
[Site "Charlotte"]
[Date "2020.10.01"]
[Round "1.4"]
[White "Francisco, Richard"]
[Black "Li, Eric"]
[Result "1/2-1/2"]
[ECO "A20"]
[WhiteElo "2303"]
[BlackElo "2334"]
[Annotator "ChessBase"]
[PlyCount "152"]
[EventDate "2020.09.30"]
[EventType "tourn"]
[EventCountry "USA"]
[SourceTitle "playchess.com"]
[Source "ChessBase"]
[SourceQuality "1"]
[TimeControl "5400+30"]

1. c4 e5 2. g3 Nf6 3. Bg2 c6 4. d4 e4 5. Nc3 d5 6. Bg5 Bb4 7. Rc1 O-O 8. cxd5 cxd5 9. Nh3 h6 10. Bxf6 Qxf6 11. Nf4 Be6 12. O-O Bxc3 13. Rxc3 Nc6 14. e3 Rad8 15. f3 exf3 16. Bxf3 Qe7 17. Qa4 g5 18. Nd3 Bd7 19. Nc5 Be8 20. Qc2 Rd6 21. Qg2 b6 22. Nb3 Qd8 23. Rfc1 Kg7 24. a3 Rh8 25. Nd2 a5 26. Be2 Bd7 27. Nf3 Re8 28. Bb5 Ne7 29. Bxd7 Qxd7 30. Rf1 Ng6 31. Qc2 Qe6 32. Ne1 Re7 33. Ng2 Nf8 34. Qf5 Qxf5 35. Rxf5 Kg6 36. Rf2 Nh7 37. Rfc2 Nf6 38. Rc6 Rxc6 39. Rxc6 Re6 40. Rc7 Ne8 41. Rc2 Nd6 42. b3 Rf6 43. Ne1 Re6 44. Kf2 Nf5 45. Ng2 Rf6 46. Ke1 Kh5 47. Rf2 Kg4 48. Ke2 Re6 49. Kd3 Nd6 50. Ne1 f6 51. Rc2 Nf5 52. Re2 h5 53. e4 Ne7 54. e5 fxe5 55. Rxe5 Rxe5 56. dxe5 Nc6 57. e6 Kf5 58. Nf3 Kf6 59. h3 g4 60. hxg4 hxg4 61. Nh2 Ne5+ 62. Ke3 Kxe6 63. Kf4 Nd3+ 64. Kxg4 Nc1 65. b4 axb4 66. axb4 Na2 67. b5 Nc3 68. Kf4 Nxb5 69. Nf3 Nc7 70. g4 Kd6 71. g5 Ne6+ 72. Kf5 b5 73. g6 b4 74. Nd2 Ke7 75. Ke5 Nc7 76. Nb3 Ne8 1/2-1/2

[Event "Fall IM Norm Invitational 2020"]
[Site "Charlotte"]
[Date "2020.10.01"]
[Round "1.5"]
[White "Adamson, Robby"]
[Black "Vivekananthan, Anish"]
[Result "1/2-1/2"]
[ECO "C42"]
[WhiteElo "2235"]
[BlackElo "2239"]
[Annotator "ChessBase"]
[PlyCount "123"]
[EventDate "2020.09.30"]
[EventType "tourn"]
[EventCountry "USA"]
[SourceTitle "playchess.com"]
[Source "ChessBase"]
[SourceQuality "1"]
[TimeControl "5400+30"]

1. e4 e5 2. Nf3 Nf6 3. Nxe5 d6 4. Nc4 Nxe4 5. Nc3 Nxc3 6. bxc3 Be7 7. d4 Nd7 8. Bd3 Nf6 9. O-O O-O 10. Qf3 c6 11. Bd2 Be6 12. Rfe1 g6 13. a4 Re8 14. h3 Bd5 15. Qd1 Qd7 16. Ne3 Be6 17. Qf3 d5 18. Nf1 Nh5 19. g4 Ng7 20. Ng3 Bh4 21. Qf4 Be7 22. Re2 Qd8 23. Rae1 Bd7 24. Nf1 Ne6 25. Qh2 c5 26. dxc5 Bxa4 27. Be3 Bxc5 28. Bxc5 Nxc5 29. Rxe8+ Bxe8 30. Qe5 Bc6 31. Ne3 Ne6 32. Rd1 Qh4 33. Bf1 Ng5 34. Qg3 d4 35. cxd4 Nf3+ 36. Kh1 Nxd4+ 37. Bg2 Qxg3 38. fxg3 Rd8 39. c3 Bxg2+ 40. Kxg2 Nc6 41. Rxd8+ Nxd8 42. Kf3 f6 43. Ke4 Kf7 44. Kd5 Ke7 45. Nc4 Kd7 46. Nd6 a6 47. Ne4 Ke7 48. Nc5 a5 49. c4 h6 50. h4 h5 51. gxh5 gxh5 52. Na4 Nf7 53. Kc5 Nd6 54. Nc3 b6+ 55. Kd5 Kd7 56. Na4 Kc7 57. Nxb6 Nf5 58. Na4 Nxg3 59. Ke6 Ne4 60. Nb2 Kc6 61. Kf5 Ng3+ 62. Kxf6 1/2-1/2

[Event "Fall IM Norm Invitational 2020"]
[Site "Charlotte"]
[Date "2020.10.01"]
[Round "2.1"]
[White "Stearman, Josiah"]
[Black "Martin Del Campo C., Roberto"]
[Result "1/2-1/2"]
[ECO "A47"]
[WhiteElo "2354"]
[BlackElo "2311"]
[Annotator "ChessBase"]
[PlyCount "103"]
[EventDate "2020.09.30"]
[EventType "tourn"]
[EventCountry "USA"]
[SourceTitle "playchess.com"]
[Source "ChessBase"]
[SourceQuality "1"]
[TimeControl "5400+30"]

1. d4 c5 2. c3 e6 3. Nf3 Nf6 4. Bf4 b6 5. Nbd2 Bb7 6. e3 Be7 7. h3 Ne4 8. Nxe4 Bxe4 9. Nd2 Bb7 10. Qg4 g5 11. Be5 h5 12. Qg3 h4 13. Qh2 f6 14. Bc7 Qc8 15. Nc4 d5 16. Nd6+ Bxd6 17. Bxd6 Kd7 18. a4 c4 19. Be2 Nc6 20. O-O Ne7 21. Ba3 Qb8 22. g4 hxg3 23. fxg3 Nf5 24. g4 Qg3+ 25. Qxg3 Nxg3 26. Rxf6 Rxh3 27. Rf7+ Kc6 28. Bf3 Rah8 29. Re1 Ne4 30. Re2 Rg3+ 31. Rg2 Rgh3 32. Bxe4 dxe4 33. Kf2 Rf3+ 34. Rxf3 exf3 35. Kxf3 Kd7+ 36. e4 Rh3+ 37. Ke2 Bxe4 38. Rf2 Rg3 39. Rf7+ Kc6 40. Rxa7 Rxg4 41. Be7 Bd5 42. Bd8 Rg2+ 43. Kd1 g4 44. Rc7+ Kd6 45. Kc1 Rg1+ 46. Kc2 g3 47. Rg7 g2 48. Bc7+ Kc6 49. Bh2 Be4+ 50. Kd2 Rh1 51. Rc7+ Kd5 52. Rd7+ 1/2-1/2

[Event "Fall IM Norm Invitational 2020"]
[Site "Charlotte"]
[Date "2020.10.01"]
[Round "2.2"]
[White "Li, Eric"]
[Black "Adamson, Robby"]
[Result "1/2-1/2"]
[ECO "E27"]
[WhiteElo "2334"]
[BlackElo "2235"]
[Annotator "ChessBase"]
[PlyCount "94"]
[EventDate "2020.09.30"]
[EventType "tourn"]
[EventCountry "USA"]
[SourceTitle "playchess.com"]
[Source "ChessBase"]
[SourceQuality "1"]
[TimeControl "5400+30"]

1. d4 Nf6 2. c4 e6 3. Nc3 Bb4 4. f3 O-O 5. a3 Bxc3+ 6. bxc3 Ne8 7. e4 b6 8. Bd3 Ba6 9. Nh3 Nc6 10. e5 Qh4+ 11. Kf1 f6 12. exf6 Nxf6 13. Bf4 d6 14. Bg3 Qh6 15. Kg1 Rae8 16. Nf2 Qh5 17. Qa4 Na5 18. Re1 Qg5 19. Rd1 Qe3 20. h4 Nh5 21. Rh3 Nf4 22. Bxf4 Qxf4 23. c5 Bxd3 24. Nxd3 Qe3+ 25. Kh1 dxc5 26. dxc5 Rd8 27. f4 Qe2 28. Re1 Qd2 29. Qe4 Kh8 30. h5 Qxc3 31. Ne5 Qxc5 32. Ng6+ Kg8 33. Qxe6+ Rf7 34. Ne5 Qd5 35. Nxf7 Qxe6 36. Rxe6 Kxf7 37. Rhe3 Rd7 38. f5 c5 39. g4 h6 40. R6e4 Nc6 41. Kg2 b5 42. Re8 Rc7 43. Rh8 c4 44. Ree8 Kf6 45. Kg3 Ne7 46. Kf4 Nd5+ 47. Ke4 c3 1/2-1/2

[Event "Fall IM Norm Invitational 2020"]
[Site "Charlotte"]
[Date "2020.10.01"]
[Round "2.3"]
[White "Velikanov, Alexander"]
[Black "Francisco, Richard"]
[Result "1-0"]
[ECO "B70"]
[WhiteElo "2274"]
[BlackElo "2303"]
[Annotator "ChessBase"]
[PlyCount "85"]
[EventDate "2020.09.30"]
[EventType "tourn"]
[EventCountry "USA"]
[SourceTitle "playchess.com"]
[Source "ChessBase"]
[SourceQuality "1"]
[TimeControl "5400+30"]

1. Nf3 c5 2. e4 Nc6 3. Nc3 g6 4. d4 cxd4 5. Nxd4 Bg7 6. Nde2 b6 7. g3 Ba6 8. Bg2 Rc8 9. h3 Nf6 10. O-O O-O 11. Re1 d6 12. Bg5 h6 13. Be3 Nd7 14. Qd2 Bxe2 15. Nxe2 Bxb2 16. Rab1 Bg7 17. Bxh6 Na5 18. Bxg7 Kxg7 19. Nd4 Nf6 20. h4 Nc4 21. Qe2 e5 22. Nb5 a6 23. Nc3 b5 24. Nd1 Qa5 25. c3 Nb6 26. Rc1 Qa3 27. Rc2 Rc6 28. Bf3 Rfc8 29. h5 Na4 30. Kg2 Nxc3 31. Qe3 Qb4 32. a3 Qa5 33. Qd2 Qc7 34. hxg6 fxg6 35. Nxc3 Rxc3 36. Rxc3 Qxc3 37. Qxd6 Qxe1 38. Qe7+ Kh6 39. Qxf6 Qc3 40. Bg4 Re8 41. Bf5 Rg8 42. Bxg6 Rf8 43. Bf7+ 1-0

[Event "Fall IM Norm Invitational 2020"]
[Site "Charlotte"]
[Date "2020.10.01"]
[Round "2.4"]
[White "Matros, Alexander"]
[Black "Krykun, Yuriy"]
[Result "1/2-1/2"]
[ECO "C26"]
[WhiteElo "2417"]
[BlackElo "2371"]
[Annotator "ChessBase"]
[PlyCount "100"]
[EventDate "2020.09.30"]
[EventType "tourn"]
[EventCountry "USA"]
[SourceTitle "playchess.com"]
[Source "ChessBase"]
[SourceQuality "1"]
[TimeControl "5400+30"]

1. e4 e5 2. Nc3 Nf6 3. a3 Be7 4. d4 d6 5. dxe5 dxe5 6. Qxd8+ Bxd8 7. Nf3 Nbd7 8. Be3 c6 9. h3 Bb6 10. Bd3 Bxe3 11. fxe3 Ke7 12. Ke2 Ne8 13. b4 Nd6 14. Nb1 f6 15. c4 b6 16. Nc3 Bb7 17. Nd2 Rhc8 18. Rhb1 c5 19. b5 a6 20. a4 axb5 21. axb5 Rxa1 22. Rxa1 Ra8 23. Rxa8 Bxa8 24. g4 Nf8 25. Na4 Nc8 26. Kf2 Kd6 27. Kg3 Kc7 28. h4 Nd6 29. Nc3 Ne6 30. Bf1 h6 31. Bh3 g5 32. h5 Nd8 33. Bf1 N8f7 34. Bd3 Nc8 35. Kf2 Ne7 36. Kg3 Nd6 37. Kf2 Bb7 38. Kg3 Bc8 39. Kf3 Be6 40. Bf1 Nec8 41. Bd3 Nb7 42. Nd5+ Bxd5 43. exd5 Ncd6 44. e4 Na5 45. Ke3 Ne8 46. Be2 Kd7 47. Bd3 Ke7 48. Be2 Nd6 49. Bd3 Kf7 50. Be2 Ke7 1/2-1/2

[Event "Fall IM Norm Invitational 2020"]
[Site "Charlotte"]
[Date "2020.10.01"]
[Round "2.5"]
[White "Andrianov, Nikolay"]
[Black "Vivekananthan, Anish"]
[Result "1/2-1/2"]
[ECO "A14"]
[WhiteElo "1816"]
[BlackElo "2239"]
[Annotator "ChessBase"]
[PlyCount "71"]
[EventDate "2020.09.30"]
[EventType "tourn"]
[EventCountry "USA"]
[SourceTitle "playchess.com"]
[Source "ChessBase"]
[SourceQuality "1"]
[TimeControl "5400+30"]

1. Nf3 Nf6 2. b3 e6 3. Bb2 Be7 4. g3 b6 5. Bg2 Bb7 6. O-O O-O 7. c4 c5 8. e3 d5 9. Qe2 Nc6 10. Nc3 Rc8 11. d3 Re8 12. Rfd1 Ba6 13. Rac1 Bf8 14. Ne1 Qd7 15. a4 Bb7 16. f4 Na5 17. Qc2 Ng4 18. Qe2 Nxe3 19. Qxe3 d4 20. Qf2 Bxg2 21. Kxg2 dxc3 22. Rxc3 Be7 23. d4 cxd4 24. Rcd3 Bc5 25. Nf3 Nc6 26. Bxd4 Nxd4 27. Nxd4 Qe7 28. Qf3 Bxd4 29. Rxd4 Rc7 30. Qd3 g6 31. Rd8 h5 32. Qd6 Rxd8 33. Qxe7 Rxe7 34. Rxd8+ Kg7 35. Kf3 Rc7 36. Ke4 1/2-1/2

[Event "Fall IM Norm Invitational 2020"]
[Site "Charlotte"]
[Date "2020.10.02"]
[Round "3.1"]
[White "Krykun, Yuriy"]
[Black "Stearman, Josiah"]
[Result "1/2-1/2"]
[ECO "D10"]
[WhiteElo "2371"]
[BlackElo "2354"]
[Annotator "ChessBase"]
[PlyCount "161"]
[EventDate "2020.09.30"]
[EventType "tourn"]
[EventCountry "USA"]
[SourceTitle "playchess.com"]
[Source "ChessBase"]
[SourceQuality "1"]
[TimeControl "5400+30"]

1. c4 c6 2. d4 d5 3. cxd5 cxd5 4. Bf4 Nc6 5. e3 Nf6 6. Nc3 Bg4 7. Qb3 Na5 8. Qa4+ Bd7 9. Qc2 Rc8 10. Bd3 e6 11. Nf3 Be7 12. O-O O-O 13. Ne5 h6 14. Qe2 Qb6 15. Rac1 a6 16. Rc2 Nc6 17. a3 Rfd8 18. Nxd7 Nxd7 19. b4 Qa7 20. Na4 b5 21. Nc5 Bxc5 22. bxc5 e5 23. dxe5 Ncxe5 24. Rfc1 Nc4 25. Qg4 Rc6 26. Qf5 Nf6 27. Bxc4 dxc4 28. Bd6 Qd7 29. Qf3 Ne8 30. Be5 Rxc5 31. Bd4 Rc6 32. a4 Nc7 33. axb5 axb5 34. Rb1 Ne6 35. Rxb5 Nxd4 36. exd4 Rf6 37. Qh5 g6 38. Qc5 Rc6 39. Qb4 Qxd4 40. Qe1 c3 41. Rb1 Re6 42. Qf1 Kg7 43. Rbc1 Rc8 44. g3 Rc5 45. Qd1 Qf6 46. Qd3 Rec6 47. Kg2 Qe5 48. Re2 Qd5+ 49. Qxd5 Rxd5 50. Rec2 Rdc5 51. Re1 g5 52. Re3 f5 53. f3 Kf6 54. Kf2 Rc4 55. Rd3 h5 56. Re3 h4 57. Kg2 Kg6 58. Rd3 Kh5 59. Re3 R6c5 60. Rd3 g4 61. fxg4+ Kxg4 62. Rf3 h3+ 63. Kf2 f4 64. Ke2 Re4+ 65. Kf2 Rf5 66. gxf4 Rexf4 67. Rxf4+ Rxf4+ 68. Ke3 Rf1 69. Rxc3 Rf3+ 70. Kd2 Rf2+ 71. Ke1 Rxh2 72. Kf1 Rg2 73. Ra3 Kh4 74. Ra8 Kg3 75. Rg8+ Kh2 76. Rh8 Rg5 77. Kf2 Rf5+ 78. Ke2 Kg2 79. Rg8+ Kh1 80. Rh8 h2 81. Rg8 1/2-1/2

[Event "Fall IM Norm Invitational 2020"]
[Site "Charlotte"]
[Date "2020.10.02"]
[Round "3.3"]
[White "Francisco, Richard"]
[Black "Matros, Alexander"]
[Result "0-1"]
[ECO "A20"]
[WhiteElo "2303"]
[BlackElo "2417"]
[Annotator "ChessBase"]
[PlyCount "118"]
[EventDate "2020.09.30"]
[EventType "tourn"]
[EventCountry "USA"]
[SourceTitle "playchess.com"]
[Source "ChessBase"]
[SourceQuality "1"]
[TimeControl "5400+30"]

1. c4 e5 2. g3 h5 3. h4 Nc6 4. Nc3 Bc5 5. Bg2 d6 6. e3 Nge7 7. Nge2 Bg4 8. a3 a5 9. b3 O-O 10. Bb2 Qd7 11. Qc2 Rae8 12. Ne4 f6 13. N2c3 Nd8 14. Nxc5 dxc5 15. d3 Kh8 16. Ne4 b6 17. O-O Ndc6 18. Kh2 Rd8 19. f3 Be6 20. Rad1 Kg8 21. Qe2 Qe8 22. Nf2 Nf5 23. f4 exf4 24. gxf4 Nce7 25. Bh3 Bc8 26. e4 Nxh4 27. Rg1 Nc6 28. Bxc8 Rxc8 29. Nh3 Nf5 30. Qg2 Nce7 31. exf5 Rf7 32. Rge1 Qd7 33. d4 cxd4 34. Rxd4 Qxf5 35. Qe4 Qxe4 36. Rexe4 Kf8 37. Rd2 Nf5 38. Rd5 g6 39. Nf2 Ne7 40. Rd2 Nf5 41. Re6 Re8 42. Rxe8+ Kxe8 43. Ne4 Ne3 44. Re2 Ng4+ 45. Kg3 Kd7 46. Nf2 Nh6 47. Kf3 g5 48. Rd2+ Ke6 49. Re2+ Kf5 50. fxg5 fxg5 51. Re5+ Kg6+ 52. Ke2 h4 53. Ne4 Nf5 54. Re6+ Kh5 55. Nf6+ Kg6 56. Kf3 Ng7 57. Rc6 Ne8 58. Ke4 Nxf6+ 59. Ke5 Re7+ 0-1

[Event "Fall IM Norm Invitational 2020"]
[Site "Charlotte"]
[Date "2020.10.02"]
[Round "3.4"]
[White "Adamson, Robby"]
[Black "Velikanov, Alexander"]
[Result "1/2-1/2"]
[ECO "B22"]
[WhiteElo "2235"]
[BlackElo "2274"]
[Annotator "ChessBase"]
[PlyCount "22"]
[EventDate "2020.09.30"]
[EventType "tourn"]
[EventCountry "USA"]
[SourceTitle "playchess.com"]
[Source "ChessBase"]
[SourceQuality "1"]
[TimeControl "5400+30"]

1. e4 c5 2. Nf3 Nc6 3. c3 d5 4. exd5 Qxd5 5. d4 Bf5 6. Be3 cxd4 7. Nxd4 Nf6 8. Nxf5 Qxf5 9. Bd3 Qd5 10. O-O O-O-O 11. Be2 Qxd1 1/2-1/2

[Event "Fall IM Norm Invitational 2020"]
[Site "Charlotte"]
[Date "2020.10.02"]
[Round "3.5"]
[White "Vivekananthan, Anish"]
[Black "Li, Eric"]
[Result "1-0"]
[ECO "B53"]
[WhiteElo "2239"]
[BlackElo "2334"]
[Annotator "ChessBase"]
[PlyCount "109"]
[EventDate "2020.09.30"]
[EventType "tourn"]
[EventCountry "USA"]
[SourceTitle "playchess.com"]
[Source "ChessBase"]
[SourceQuality "1"]
[TimeControl "5400+30"]

1. e4 c5 2. Nf3 d6 3. d4 cxd4 4. Qxd4 Nf6 5. Nc3 Nc6 6. Bb5 Bd7 7. Bxc6 Bxc6 8. Bg5 Nd7 9. Be3 e5 10. Qd3 Be7 11. Nd2 O-O 12. O-O Qb8 13. Nc4 Rd8 14. Rad1 h6 15. Bc1 Nc5 16. Qf3 Bf8 17. Ne3 b5 18. Ncd5 Qb7 19. Nf5 Kh8 20. Rfe1 Rac8 21. Qg4 Ne6 22. Rd3 Bxd5 23. exd5 Rc4 24. Qd1 Nf4 25. Bxf4 Rxf4 26. Ne3 g6 27. g3 Ra4 28. a3 Bg7 29. Rb3 Ra6 30. c4 Rb6 31. Rxb5 Rxb5 32. cxb5 Qxb5 33. Qc2 Rb8 34. b4 a5 35. Rb1 Qb7 36. Qc6 e4 37. Nc4 axb4 38. Rxb4 Qa7 39. Rxb8+ Qxb8 40. Qxd6 Qb1+ 41. Kg2 Qd1 42. Ne3 Qf3+ 43. Kg1 g5 44. Qb4 f5 45. d6 f4 46. d7 fxe3 47. d8=Q+ Kh7 48. Qe1 Bc3 49. Qxe3 Qxe3 50. fxe3 Kg6 51. Qd5 Be1 52. Qxe4+ Kh5 53. Kg2 Bc3 54. Qf5 Bd4 55. Qf7+ 1-0

[Event "Fall IM Norm Invitational 2020"]
[Site "Charlotte"]
[Date "2020.10.02"]
[Round "4.1"]
[White "Stearman, Josiah"]
[Black "Francisco, Richard"]
[Result "1-0"]
[ECO "E15"]
[WhiteElo "2354"]
[BlackElo "2303"]
[Annotator "ChessBase"]
[PlyCount "65"]
[EventDate "2020.09.30"]
[EventType "tourn"]
[EventCountry "USA"]
[SourceTitle "playchess.com"]
[Source "ChessBase"]
[SourceQuality "1"]
[TimeControl "5400+30"]

1. d4 Nf6 2. c4 e6 3. Nf3 b6 4. g3 Ba6 5. b3 Bb4+ 6. Bd2 Be7 7. Bg2 c6 8. Bc3 d5 9. Nbd2 Nbd7 10. O-O Rc8 11. Re1 O-O 12. Bb2 c5 13. cxd5 Nxd5 14. a3 Qc7 15. Rc1 Qb8 16. e4 N5f6 17. d5 exd5 18. exd5 Rfe8 19. Ne5 Qc7 20. Nc6 Bd6 21. Ne4 Nxe4 22. Bxe4 g6 23. Qd2 Bf8 24. Qc3 f6 25. Bg2 Bb5 26. a4 Rxe1+ 27. Qxe1 Bxc6 28. Qe6+ Kh8 29. dxc6 Ne5 30. Rd1 Rb8 31. Qxf6+ Bg7 32. Bxe5 Qxe5 33. Rd8+ 1-0

[Event "Fall IM Norm Invitational 2020"]
[Site "Charlotte"]
[Date "2020.10.02"]
[Round "4.2"]
[White "Velikanov, Alexander"]
[Black "Vivekananthan, Anish"]
[Result "1-0"]
[ECO "C42"]
[WhiteElo "2274"]
[BlackElo "2239"]
[Annotator "ChessBase"]
[PlyCount "81"]
[EventDate "2020.09.30"]
[EventType "tourn"]
[EventCountry "USA"]
[SourceTitle "playchess.com"]
[Source "ChessBase"]
[SourceQuality "1"]
[TimeControl "5400+30"]

1. e4 e5 2. Nf3 Nf6 3. Nxe5 d6 4. Nf3 Nxe4 5. d3 Nf6 6. d4 Be7 7. Bd3 Bg4 8. O-O O-O 9. Bg5 Nd5 10. Bd2 Nc6 11. h3 Bh5 12. c4 Nb6 13. Be3 Nb4 14. Be2 Bxf3 15. Bxf3 Nxc4 16. Qb3 d5 17. a3 Nc6 18. Qxb7 Qd7 19. Nc3 Nb6 20. Nb5 Rac8 21. Rac1 Nd8 22. Qa6 Ne6 23. a4 Rb8 24. Nxa7 Bg5 25. b3 Bxe3 26. fxe3 Ng5 27. Nc6 Rbe8 28. Ne5 Qd8 29. a5 Nc8 30. Qb7 c6 31. Nxc6 Qd6 32. Ne5 Ne7 33. a6 Nf5 34. Bxd5 Nxe3 35. Bxf7+ Rxf7 36. Rxf7 Qxd4 37. Rxg7+ Kh8 38. Rxg5 Nf5+ 39. Kh1 Qxe5 40. Qf3 Qb2 41. Qc3+ 1-0

[Event "Fall IM Norm Invitational 2020"]
[Site "Charlotte"]
[Date "2020.10.02"]
[Round "4.3"]
[White "Matros, Alexander"]
[Black "Adamson, Robby"]
[Result "1/2-1/2"]
[ECO "B20"]
[WhiteElo "2417"]
[BlackElo "2235"]
[Annotator "ChessBase"]
[PlyCount "84"]
[EventDate "2020.09.30"]
[EventType "tourn"]
[EventCountry "USA"]
[SourceTitle "playchess.com"]
[Source "ChessBase"]
[SourceQuality "1"]
[TimeControl "5400+30"]

1. e4 c5 2. b3 Nc6 3. Bb2 Nf6 4. Nc3 e6 5. f4 d5 6. e5 Nd7 7. Nf3 a6 8. a4 g6 9. h4 Bg7 10. h5 Qe7 11. Bd3 Nb4 12. Qe2 b6 13. Ba3 Nxd3+ 14. cxd3 O-O 15. g4 Re8 16. g5 b5 17. axb5 Rb8 18. Qh2 axb5 19. hxg6 fxg6 20. Nd1 Nf8 21. Nf2 Ra8 22. Ke2 b4 23. Bb2 Bd7 24. Ng4 Rec8 25. Nf6+ Kf7 26. Qg3 Bb5 27. Nxh7 Rxa1 28. Bxa1 Nxh7 29. Rxh7 Kg8 30. Rh1 Ra8 31. Nh2 Ra3 32. Rb1 Qa7 33. Qh3 Bd7 34. Ng4 Rxa1 35. Rxa1 Qxa1 36. Nf6+ Bxf6 37. gxf6 Qa7 38. f7+ Kxf7 39. Qh7+ Ke8 40. Qh8+ Ke7 41. Qf6+ Ke8 42. Qh8+ Ke7 1/2-1/2

[Event "Fall IM Norm Invitational 2020"]
[Site "Charlotte"]
[Date "2020.10.02"]
[Round "4.4"]
[White "Andrianov, Nikolay"]
[Black "Li, Eric"]
[Result "1/2-1/2"]
[ECO "D11"]
[WhiteElo "1816"]
[BlackElo "2334"]
[Annotator "ChessBase"]
[PlyCount "39"]
[EventDate "2020.09.30"]
[EventType "tourn"]
[EventCountry "USA"]
[SourceTitle "playchess.com"]
[Source "ChessBase"]
[SourceQuality "1"]
[TimeControl "5400+30"]

1. Nf3 d5 2. b3 Nf6 3. Bb2 Bg4 4. g3 c6 5. Bg2 Nbd7 6. O-O e6 7. c4 Bd6 8. Nc3 O-O 9. d4 a6 10. Re1 Bh5 11. e4 dxe4 12. Nxe4 Nxe4 13. Rxe4 Nf6 14. Re3 Qe7 15. h3 Bxf3 16. Qxf3 Ba3 17. Bc3 Bb4 18. Bb2 Ba3 19. Bc3 Bb4 20. Bb2 1/2-1/2

[Event "Fall IM Norm Invitational 2020"]
[Site "Charlotte"]
[Date "2020.10.02"]
[Round "4.5"]
[White "Martin Del Campo C., Roberto"]
[Black "Krykun, Yuriy"]
[Result "0-1"]
[ECO "C65"]
[WhiteElo "2311"]
[BlackElo "2371"]
[Annotator "ChessBase"]
[PlyCount "84"]
[EventDate "2020.09.30"]
[EventType "tourn"]
[EventCountry "USA"]
[SourceTitle "playchess.com"]
[Source "ChessBase"]
[SourceQuality "1"]
[TimeControl "5400+30"]

1. e4 e5 2. Nf3 Nc6 3. Bb5 Nf6 4. d4 Nxd4 5. Nxd4 c6 6. Be2 exd4 7. Qxd4 d5 8. exd5 Qxd5 9. Qxd5 Nxd5 10. a3 Bd6 11. g3 Bf5 12. c4 Nb6 13. Nc3 O-O-O 14. Be3 Be5 15. Rc1 Bd4 16. Nd1 Rhe8 17. Bxd4 Rxd4 18. Ne3 Be6 19. b3 Red8 20. Rd1 a5 21. a4 Kc7 22. Rxd4 Rxd4 23. Bd1 Nd7 24. Bc2 g6 25. Ke2 Kb6 26. Rd1 Rxd1 27. Bxd1 Kc5 28. Kd3 Kb4 29. Kd4 b6 30. Nf1 Nc5 31. Nd2 f6 32. g4 g5 33. f3 Bf7 34. Bc2 h6 35. Ne4 Nxb3+ 36. Bxb3 c5+ 37. Ke3 Kxb3 38. Nxf6 Kxa4 39. Nd7 Kb3 40. Nxb6 a4 41. Nd7 a3 42. Nxc5+ Kxc4 0-1

[Event "Fall IM Norm Invitational 2020"]
[Site "Charlotte"]
[Date "2020.10.03"]
[Round "5.1"]
[White "Adamson, Robby"]
[Black "Stearman, Josiah"]
[Result "0-1"]
[ECO "C55"]
[WhiteElo "2235"]
[BlackElo "2354"]
[Annotator "ChessBase"]
[PlyCount "124"]
[EventDate "2020.09.30"]
[EventType "tourn"]
[EventCountry "USA"]
[SourceTitle "playchess.com"]
[Source "ChessBase"]
[SourceQuality "1"]
[TimeControl "5400+30"]

1. e4 e5 2. Nf3 Nc6 3. Bc4 Nf6 4. d3 h6 5. Nc3 d6 6. a3 g5 7. h4 g4 8. Nh2 Bg7 9. Be3 h5 10. Qd2 Be6 11. Bg5 Qd7 12. Nf1 Nd4 13. Ng3 c6 14. Nge2 Nxe2 15. Qxe2 O-O-O 16. O-O-O Rdf8 17. Bxe6 fxe6 18. Rdf1 Bh6 19. Bxh6 Rxh6 20. Qe3 Qg7 21. Qxa7 Nd7 22. a4 Rhf6 23. Qe3 Kc7 24. Nd1 d5 25. Qg5 Rg6 26. Qd2 Ra8 27. Qb4 Rf6 28. Re1 d4 29. Re2 c5 30. Qb3 Ra5 31. c3 Nb6 32. cxd4 exd4 33. e5 Qh6+ 34. Kb1 Rf8 35. Rc2 Rfa8 36. Qb4 Nd7 37. b3 Kd8 38. Qd2 Qxd2 39. Rxd2 b5 40. Nb2 Nb6 41. Kc2 Ke7 42. f3 g3 43. Rh3 bxa4 44. bxa4 Rg8 45. Rh1 Nd5 46. Ra1 Ne3+ 47. Kc1 Rb8 48. Ra3 Rb4 49. Re2 Kf7 50. Nd1 Nf5 51. Re4 Raxa4 52. Rxa4 Rxa4 53. Kb2 Ke7 54. Rf4 Kd7 55. Re4 Kc6 56. Re1 Nxh4 57. Rh1 Nxg2 58. Rxh5 Ne1 59. Rg5 Nxd3+ 60. Kb1 Rb4+ 61. Ka2 Nf2 62. Nb2 d3 0-1